 Dungeon Crawl Stone Soup version 0.31-a0-187-gba352fbbf7 (webtiles) character file.

Game seed: 15744523198752589194

42 qw the Shooter (level 3, -1/20 HPs)
             Began as a Deep Elf Hunter on June 22, 2023.
             Slain by an adder (2 damage)
             ... on level 1 of the Dungeon.
             The game lasted 00:00:20 (864 turns).

qw the Shooter (Deep Elf Hunter)                     Turns: 864, Time: 00:00:21

Health: -1/20      AC:  9    Str: 10    XL:     3   Next: 35%
Magic:  5/5        EV: 12    Int: 13    God:
Gold:   60         SH:  0    Dex: 18    Spells: 2/2 levels left

rFire   . . .        Y - +0 shortbow
rCold   . . .        (shield currently unavailable)
rNeg    . . .        c - +0 leather armour
rPois   .            e - +0 helmet
rElec   .            f - +1 cloak
rCorr   .            (no gloves)
SInv    .            h - +2 pair of boots
Will    .....        (no amulet)
Stlth   ++           (no ring)
HPRegen 0.23/turn    (no ring)
MPRegen 0.09/turn

%: no passive effects
@: no status effects
A: no striking features
a: no special abilities


You were on level 1 of the Dungeon.
You visited 1 branch of the dungeon, and saw 2 of its levels.

You collected 60 gold pieces.


   Skills:
 - Level 1.5 Fighting
 + Level 6.9 Ranged Weapons
 - Level 2.4 Dodging
 - Level 1.2 Stealth


You had 2 spell levels left.
You didn't know any spells.
Your spell library was empty.

Inventory:

Hand Weapons
 Y - a +0 shortbow (weapon)
Armour
 c - a +0 leather armour (worn)
 e - a +0 helmet (worn)
 f - a +1 cloak (worn)
 h - a +2 pair of boots (worn)
Potions
 d - a potion of ambrosia {unknown}
 g - a potion of mutation {unknown}

Dungeon Overview and Level Annotations

Branches:
Dungeon (2/15)

Altars:


Message History

The ball python bites you but does no damage.
The ball python constricts you.
You shoot an arrow. The arrow hits the ball python.
The ball python is moderately wounded.
The adder barely misses you. The ball python bites you.
The ball python constricts you.
You shoot an arrow. The arrow hits the ball python.
You kill the ball python!
The adder barely misses you. x2
The quokka bites you but does no damage.
856 ||| STAIRDANCE The adder bites you.
You are poisoned.
The adder poisons you! The quokka barely misses you.
You climb upwards.
You feel sick.
There is a stone staircase leading down here.
You shoot an arrow. The arrow hits the quokka!
You kill the quokka!
You feel sick. The adder bites you.
You are more poisoned.
The adder poisons you!
You shoot an arrow. The arrow closely misses the adder.
You feel sick. The adder barely misses you.
The adder bites you but does no damage.
You shoot an arrow. The arrow barely misses the adder.
You feel sick. The adder bites you but does no damage.
You shoot an arrow.
The arrow hits the adder but does no damage.
The adder is moderately wounded.
You feel sick. The adder closely misses you. x2
You shoot an arrow. The arrow closely misses the adder.
You feel sick. The adder barely misses you.
You shoot an arrow. The arrow hits the adder!
The adder is almost dead.
You feel sick.
The adder bites you but does no damage. x2
You shoot an arrow. The arrow closely misses the adder.
You feel sick.
You are no longer poisoned.
The adder bites you.
You die...

###################
#.................. ###########
#.################# #.%#...#.P#
#.# #<.%...'..# #.# ###
#.P#...#..# #.###############..
####...#######..................
#..#...#~.#....@S.)...########.#
#..'...'..#.###.#####.# #.#
#..#.#.#..#.#.....###.########.#
####.#.####.#.#.#.##..?.........
#.P#...#.P#.#.#.#.##......#.##.#
#..'...'..#.#.#.#.##......#.##.#
#..#...#..#.#.#.#.##......#.##.#
####...####.#.#.#.##......#..#.#
#..#...#P.#.#.#.#.##...........#


You could see an adder.

Vanquished Creatures
  A gnoll (D:1)
  6 ball pythons
  2 bats (D:1)
  5 endoplasms (D:1)
  4 giant cockroaches (D:1)
  3 goblins (D:1)
  A hobgoblin (D:2)
  A quokka (D:1)
  4 frilled lizards (D:1)
  A kobold (D:1)
  2 rats (D:1)
30 creatures vanquished.

Notes
Turn   | Place    | Note
-------+----------+-------------------------------------------
     0 | D:1      | qw the Deep Elf Hunter began the quest for the Orb.
     0 | D:1      | Reached XP level 1. HP: 12/12 MP: 3/3
     0 | D:1      | 0 ||| qw: Version: 0.3-a-9-g12657ce
     0 | D:1      | 0 ||| qw: Game counter: 2670
     0 | D:1      | 0 ||| qw: Always use a shield: true
     0 | D:1      | 0 ||| qw: God list: Okawaru
     0 | D:1      | 0 ||| qw: Allow faded altars: false
     0 | D:1      | 0 ||| qw: Do Orc after D:15 true
     0 | D:1      | 0 ||| qw: Do second Lair branch before Depths: true
     0 | D:1      | 0 ||| qw: Lair rune preference: random
     0 | D:1      | 0 ||| qw: Plans: Normal
     0 | D:1      | 0 ||| PLANNING D:1-11
    94 | D:1      | Reached XP level 2. HP: 16/16 MP: 4/4
    99 | D:1      | Reached skill level 6 in Ranged Weapons
   165 | D:1      | Reached XP level 3. HP: 20/20 MP: 5/5
   814 | D:1      | 814 ||| UPGRADING to +0 helmet.
   819 | D:1      | 819 ||| UPGRADING to +1 cloak.
   824 | D:1      | 824 ||| UPGRADING to +2 pair of boots.
   829 | D:1      | 829 ||| READING scroll labelled ZUJUSS IBIS.
   830 | D:1      | 830 ||| READING scroll labelled XUNKUAWIATZ.
   834 | D:1      | 834 ||| DROPPING scroll of butterflies.
   856 | D:2      | 856 ||| STAIRDANCE
   859 | D:1      | HP: 5/20 [poisoned by an adder]
   863 | D:1      | HP: 2/20 [poisoned by an adder]
   864 | D:1      | Slain by an adder

Levels and vault maps discovered:
D:1:      dpeg_arrival_prison, layout_basic
D:2:      layout_basic, basic_altar, serial_shops, shop,
          nicolae_shop_gaudy_bauble, nicolae_book_shop_shelving, shop,
          grunt_ministairs_1, uniq_robin

Skill      XL: |  1  2 |
---------------+-------+-----
Ranged Weapons | 6 |  6.9
Fighting       | |  1.5
Dodging        | |  2.4
Stealth        | |  1.2

Action                     || total
---------------------------++-------
   Fire: Shortbow          ||    87
    Use: Scroll            ||     2
 Armour: Leather armour    ||    19
  Dodge: Dodged            ||    36

Table legend:
 A = Non-vault XP
 B = Vault XP
 C = Vault XP percentage of total XP
 D = Non-vault monster count
 E = Vault monster count
 F = Vault count percentage of total count
                 A         B        C        D         E       F
            +---------+---------+-------+---------+---------+-------
      Total |      52 |       9 |  14.8 |      25 |       5 |  16.7
            +---------+---------+-------+---------+---------+-------
        D:1 |      52 |       6 |  10.3 |      25 |       3 |  10.7
        D:2 |       0 |       3 | 100.0 |       0 |       2 | 100.0
            +---------+---------+-------+---------+---------+-------
